 Dungeon Crawl Stone Soup version 0.27-a0-1595-g0b823d0a13 (webtiles) character file.

Game seed: 5261278601893025139

74 HAL9000 the Sneak (level 4, -7/20 (23) HPs)
             Began as a Vine Stalker Brigand on July 19, 2021.
             Mangled by Crazy Yiuf (10 damage)
             ... on level 2 of the Dungeon on July 20, 2021.
             The game lasted 00:04:55 (1785 turns).

HAL9000 the Sneak (Vine Stalker Brigand)            Turns: 1785, Time: 00:04:56

HP:   -7/20 (23)    AC:  5    Str: 14    XL:     4   Next: 28%
MP:   0/5           EV: 11    Int: 11    God:
Gold: 35            SH:  0    Dex: 16    Spells: 3/3 levels left

rFire    . . .     SeeInvis .   a - +2 dagger
rCold    . . .     Faith    .   (no shield)
rNeg     . . .     Spirit   +   b - +0 robe
rPois    .         Reflect  .   (no helmet)
rElec    .         Harm     .   c - +0 cloak
rCorr    .         Rampage  .   f - +0 pair of gloves
Will     .....                  g - +0 pair of boots
Stlth    +++.......             (no amulet)
HPRegen  1.06/turn              (no ring)
MPRegen  0.09/turn              (no ring)

@: heavily drained
A: fangs 2, regeneration 1, magic shield, antimagic bite, no potion heal 2
a: no special abilities


You were on level 2 of the Dungeon.
You visited 1 branch of the dungeon, and saw 2 of its levels.

You collected 35 gold pieces.

Inventory:

Hand Weapons
 a - a +2 dagger (weapon)
Missiles
 d - 10 poisoned darts (quivered)
Armour
 b - a +0 robe (worn)
 c - a +0 cloak (worn)
 f - a +0 pair of gloves (worn)
 g - a +0 pair of boots (worn)
Scrolls
 i - a scroll of blinking {unknown}
 j - a scroll of fear {unknown}
 l - a scroll of brand weapon {unknown}
 p - a scroll of teleportation {unknown}
Potions
 h - a potion of invisibility {unknown}
 k - 2 potions of brilliance {unknown}
 m - a potion of mutation
 n - 3 potions of haste
 o - a potion of heal wounds {unknown}
 q - a potion of resistance {unknown}


   Skills:
 - Level 1.7 Fighting
 - Level 2.0 Short Blades
 - Level 3.1 Throwing
 - Level 0.7 Dodging
 + Level 5.9 Stealth


You had 3 spell levels left.
You didn't know any spells.
Your spell library contained the following spells:

 Spells                   Type           Power      Damage    Failure   Level
 Alistair's Intoxication  Tmut/Pois      0%         N/A       100%        5
 Borgnjor's Vile Clutch   Necr/Erth      0%         N/A       100%        5
 Eringya's Noxious Bog    Tmut/Pois      0%         N/A       100%        6


Dungeon Overview and Level Annotations

Branches:
Dungeon (2/15)

Altars:

Annotations:
D:2 Crazy Yiuf


Innate Abilities, Weirdness & Mutations

You have extremely sharp teeth.
Your natural rate of healing is unusually fast.
When hurt, damage is shared between your health and your magic reserves.
Your bite disrupts and absorbs the magic of your enemies.
Potions cannot restore your health.


Message History

Crazy Yiuf barely misses you. Crazy Yiuf hits you but does no damage.
You see here a poisoned dart.
Crazy Yiuf hits you with a +2 quarterstaff of chaos!
You are poisoned.
Press: ? - help, v - describe, . - travel, g - get item
Here: Crazy Yiuf, wielding a +2 quarterstaff of chaos and wearing a +1 cloak of poison resistance Item here: a poisoned dart.
The floor.
Okay, then.
You feel very sick.
Crazy Yiuf yells, "Hah!"
You see here a poisoned dart.
You feel sick.
Crazy Yiuf grits, "Dawk cower childish!"
Crazy Yiuf misses you.
You feel sick.
You see here a poisoned dart.
You feel sick.
Crazy Yiuf hits you with a +2 quarterstaff of chaos.
You feel drained.
Throw: 11 darts (poison)
Press: ? - help, Q - select action Shift-Dir - straight line, f/p - Crazy Yiuf
Aim: Crazy Yiuf, wielding a +2 quarterstaff of chaos and wearing a +1 cloak of poison resistance (64% to hit)
You throw a poisoned dart. The poisoned dart hits Crazy Yiuf.
You feel sick.
Crazy Yiuf hits you with a +2 quarterstaff of chaos.
Crazy Yiuf freezes you.
* * * LOW HITPOINT WARNING * * *
You hit Crazy Yiuf but do no damage. You bite Crazy Yiuf. You drain his power.
You feel invigorated.
Crazy Yiuf is lightly wounded.
You feel yourself speed up.
You feel sick.
You are no longer poisoned.
Crazy Yiuf hits you with a +2 quarterstaff of chaos.
* * * LOW HITPOINT WARNING * * *
You easily resist.
Crazy Yiuf hits you with a +2 quarterstaff of chaos!
Ouch! That really hurt!
You die...

#####.######'########## ....#.#
#.# #.#.#.# #.#
#.#.#.######.####################
#.#.........).(.(.......(......>#
#.###.####.##.####.####'#######.#
#.###.####.#.(####.#......# #.#
...##.#.....<..g.#.#......# #.#
.).##.#.##.....#@#.#......# #.#
...##..............#......# #.#
....#.#.##.......#.#......# #.#
#.#.###..........#.#......# #.)
#.#..##########..#.#......# #.#
#†##...#### #...........# #.#
...###....#####...........# #.#
.⌠..(####.....'...........# #.#
...###....#####...>.....#######.#


You could see Crazy Yiuf.

Vanquished Creatures
  3 adders (D:2)
  A dart slug (D:1)
  3 endoplasms
  2 giant cockroaches (D:2)
  6 hobgoblins
  4 jackals (D:2)
  3 ball pythons
  7 bats
  A frilled lizard (D:1)
  5 goblins
  3 kobolds
  5 rats
43 creatures vanquished.

Notes
Turn   | Place    | Note
-------+----------+-------------------------------------------
     0 | D:1      | HAL9000 the Vine Stalker Brigand began the quest for the
                  | Orb.
     0 | D:1      | Reached XP level 1. HP: 11/11 MP: 2/2
   196 | D:1      | Reached XP level 2. HP: 9/15 MP: 3/3
   916 | D:2      | Upgraded the game from 0.27-a0-1591-gc56fcc985a to
                  | 0.27-a0-1595-g0b823d0a13
   924 | D:2      | Reached XP level 3. HP: 18/18 MP: 4/4
  1015 | D:2      | Found a runed translucent door.
  1016 | D:2      | Noticed Crazy Yiuf
  1137 | D:2      | Reached skill level 5 in Stealth
  1258 | D:2      | Gained mutation: Your natural rate of healing is unusually
                  | fast. [Vine Stalker growth]
  1258 | D:2      | Reached XP level 4. HP: 9/23 MP: 2/5
  1785 | D:2      | Mangled by Crazy Yiuf

Illustrated notes

Levels and vault maps discovered:
D:1:      dpeg_arrival_windows_large_door, layout_rooms, serial_park_tiny_2,
          minmay_misc_feat_more_columns
D:2:      minmay_general_purpose_star, layout_basic, uniq_crazy_yiuf_cottage

Skill      XL: |  1  2  3 |
---------------+----------+-----
Short Blades   | 2 |  2.0
Throwing       | 2 3 |  3.1
Stealth        | 5 |  5.9
Fighting       | |  1.7
Dodging        | |  0.7

Action                   |  1- 3 |  4- 6 || total
-------------------------+-------+-------++-------
Melee: Dagger            |   104 |    18 ||   122
       Bite              |    21 |     4 ||    25
Throw: Dart              |     6 |    19 ||    25
  Use: Scroll            |     2 |       ||     2
 Stab: Sleeping          |     9 |     1 ||    10
Armor: Robe              |    34 |     3 ||    37
Dodge: Dodged            |    47 |    13 ||    60

Table legend: (Time is in decaauts)
 A = Elapsed time spent in this place.
 B = Non-inter-level travel time spent in this place.
 C = Inter-level travel time spent in this place.
 D = Time resting spent in this place.
 E = Time spent auto-exploring this place.
 F = Levels seen in this place.
 G = Mean time per level.
                   A        B        C        D        E       F      G
               +--------+--------+--------+--------+--------+-----+--------+
         Total |   1776 |   1767 |      9 |     34 |   1361 |   2 |  888.0 |
       Dungeon |   1776 |   1767 |      9 |     34 |   1361 |   2 |  888.0 |
               +--------+--------+--------+--------+--------+-----+--------+

Top non-repeatable levels by time:
     D:2: 975 daAuts
     D:1: 800 daAuts
